AoeStats
← Khirs

Fortress

507535349Analyzed
4v4 RM · 12d ago on Sep 18, 2026· 56m 10s· 8 players
Game mode
Random Map
Map size
Huge
Population
200
Speed
Normal
Resources
Standard
Victory
Conquest
Starting age
Dark Age
Ending age
Imperial Age
RankedLock teamsTeams togetherTeam positionsShared explorationLock speedFull tech treeHidden civsTurbo modeCheats
Victory
Defeat
🇺🇸 Turks · United States
798
+10
🇨🇳 Teutons · China
781
+11
🇪🇸 Chinese · Spain
752
+12
🇧🇬 Magyars · Bulgaria
719
+12
🇺🇸 Persians · United States
668
-12
🇨🇦 Franks · Canada
665
-12
🇺🇸 Jurchens · United States
656
-11
🇫🇷 Byzantines · France
631
-10
iFeeZ__Sigtryggr
10:39 Feudal Age
13:45 Double-Bit Axe
13:46 Horse Collar
14:01 Gold Mining
17:15 Castle Age
19:16 Bow Saw
22:54 Imperial Age
51:02 Two-Man Saw
50:07 Heavy Plow
fertilii
9:03 Feudal Age
10:55 Double-Bit Axe
13:05 Wheelbarrow
18:28 Castle Age
17:31 Scale Barding Armor
21:00 Gold Mining
21:01 Stone Mining
21:32 Hand Cart
23:27 Bow Saw
23:58 Gold Shaft Mining
27:14 Ballistics
27:05 Fortified Wall
32:19 Imperial Age
30:58 Chain Barding Armor
33:40 Conscription
33:22 Chivalry
35:10 #83
35:56 Chemistry
34:50 Arrowslits
35:22 Scale Mail Armor
37:08 Siege Engineers
37:00 Murder Holes
40:30 Plate Barding Armor
40:12 Chain Mail Armor
40:17 Elite Throwing Axeman
41:32 Cavalier
Dr_foul
9:45 Feudal Age
10:13 Horse Collar
10:22 Double-Bit Axe
13:53 Wheelbarrow
16:53 Gold Mining
20:07 Castle Age
21:18 Squires
21:56 Gold Shaft Mining
21:34 Bow Saw
21:27 Heavy Plow
21:31 Scale Mail Armor
21:42 Forging
21:37 Caravan
23:08 Pikeman
25:03 Husbandry
28:00 Bloodlines
28:47 Arson
34:59 Hand Cart
42:14 Imperial Age
41:47 Kamandaran
42:35 Crossbowman
43:22 Thumb Ring
42:39 Halberdier
42:42 Cavalier
43:51 Conscription
44:52 Hoardings
46:46 Chemistry
buraktaylaweb
9:42 Feudal Age
11:07 Wheelbarrow
10:22 Double-Bit Axe
10:22 Horse Collar
13:48 Gold Mining
13:54 Stone Mining
19:54 Castle Age
19:57 Scale Barding Armor
23:19 Imperial Age
21:24 Bow Saw
22:31 Hand Cart
23:08 Heavy Plow
24:47 Crop Rotation
29:52 Two-Man Saw
28:55 Crossbowman
30:32 Forging
31:39 Conscription
31:03 Heavy Rocket Cart
32:31 Stone Shaft Mining
32:36 Gold Shaft Mining
33:08 Scale Mail Armor
33:16 Capped Ram
34:50 Squires
34:11 Pikeman
36:18 Fortified Wall
37:02 Halberdier
IskoB
3:03 Loom
7:49 Feudal Age
9:49 Double-Bit Axe
9:46 Horse Collar
12:25 Castle Age
15:56 Bloodlines
15:50 Husbandry
17:56 Scale Barding Armor
22:46 Wheelbarrow
26:05 Imperial Age
24:47 Gold Mining
26:59 Corvinian Army
27:21 Conscription
27:31 Chain Barding Armor
29:54 Bow Saw
30:45 Heavy Plow
31:05 Elite Magyar Huszar
35:08 Plate Barding Armor
40:00 Hand Cart
48:54 Town Watch
AzureMan
7:13 Feudal Age
8:31 Wheelbarrow
7:45 Double-Bit Axe
7:43 Horse Collar
11:44 Loom
12:17 Town Watch
15:44 Castle Age
13:45 Fletching
13:51 Gold Mining
14:09 Stone Mining
15:02 Padded Archer Armor
16:43 Hand Cart
16:32 Heavy Plow
16:48 Bow Saw
18:16 Gold Shaft Mining
18:29 Bodkin Arrow
19:08 Husbandry
28:33 Imperial Age
26:11 Town Patrol
27:04 Scale Barding Armor
29:43 Conscription
29:25 Artillery
30:08 Ballistics
30:42 Bracer
31:03 Bloodlines
31:34 Treadmill Crane
32:06 Masonry
31:52 Murder Holes
32:07 Fortified Wall
33:37 Two-Man Saw
34:21 Architecture
35:45 Hoardings
34:33 Elite Janissary
35:33 Leather Archer Armor
35:30 Forging
37:03 Ring Archer Armor
37:28 Sanctity
45:03 Chain Barding Armor
45:19 Iron Casting
46:23 Bombard Tower
49:51 Plate Barding Armor
50:17 Blast Furnace
Khirs
0:45 Loom
7:58 Feudal Age
8:34 Horse Collar
8:43 Double-Bit Axe
10:07 Gold Mining
16:59 Castle Age
15:28 Stone Mining
15:37 Fletching
16:25 Padded Archer Armor
17:57 Bow Saw
17:53 Heavy Plow
19:18 Gold Shaft Mining
22:59 Imperial Age
22:46 Ballistics
23:15 Bodkin Arrow
25:00 Leather Archer Armor
27:44 Conscription
27:08 Capped Ram
29:48 Chemistry
30:21 Pikeman
32:55 Rocketry
32:56 Halberdier
35:42 Wheelbarrow
35:44 Ring Archer Armor
35:57 Bracer
36:54 Scale Mail Armor
37:53 Forging
38:39 Great Wall
38:42 Murder Holes
38:58 Masonry
40:36 Iron Casting
41:07 Chain Mail Armor
41:50 Elite Chu Ko Nu
44:09 Blast Furnace
45:50 Man-at-Arms
47:06 Plate Mail Armor
49:33 Arrowslits
50:19 Architecture
54:37 Siege Ram
Iluvatar
6:59 Feudal Age
9:49 Double-Bit Axe
10:10 Double-Bit Axe
10:14 Horse Collar
12:56 Castle Age
14:39 Heavy Plow
15:30 Bow Saw
19:47 Wheelbarrow
18:58 Town Watch
18:59 Loom
19:44 Gold Mining
19:44 Stone Mining
28:32 Imperial Age
28:40 Imperial Age
26:28 Hand Cart
26:14 Town Patrol
27:50 Forging
27:46 Scale Barding Armor
27:44 Scale Mail Armor
27:15 Pikeman
27:56 Squires
28:20 Ballistics
28:14 Fortified Wall
28:15 Masonry
29:57 Conscription
29:59 Ironclad
30:25 Iron Casting
30:06 Chain Mail Armor
29:15 Halberdier
29:44 Arson
30:38 Fletching
30:49 Padded Archer Armor
31:52 Chemistry
30:59 Siege Engineers
31:29 Crop Rotation
32:03 Two-Man Saw
31:49 Crenellations
32:02 Guilds
31:52 Caravan
31:37 Elite Teutonic Knight
33:10 Elite Skirmisher
35:19 Blast Furnace
34:49 Plate Mail Armor
34:16 Bodkin Arrow
38:26 Leather Archer Armor
48:10 Bloodlines
47:20 Cavalier
48:10 Scale Barding Armor
50:52 Chain Barding Armor
51:03 Ring Archer Armor
55:13 Paladin
Connection lost

Rejoining the realm…

Still unreachable

The connection could not be restored.

Session expired

The server has moved on; the page needs a fresh start.